 Dungeon Crawl Stone Soup version 0.29.0-4-gdea44cf6ec (webtiles) character file.

Game seed: 165998650953296431

86 qw the Ruffian (level 4, 0/44 HPs)
             Began as a Troll Cinder Acolyte on Sept 1, 2022.
             Was a High Priest of Ignis.
             Killed by divine providence
             ... invoked by an orc priest
              (11 damage)
             ... on level 4 of the Dungeon.
             The game lasted 00:01:03 (2528 turns).

qw the Ruffian (Troll Cinder Acolyte)               Turns: 2528, Time: 00:01:04

Health: 0/44       AC: 11    Str: 23 (24) XL:     4   Next: 26%
Magic:  4/4        EV:  5    Int: 10      God:    Ignis [*****.]
Gold:   1239       SH:  8    Dex:  5      Spells: 5/5 levels left

rFire   + . .      SeeInvis .     - Unarmed
rCold   . . .      Faith    .   e - +0 tower shield
rNeg    . . .      Spirit   .   a - +0 robe
rPois   +          Reflect  .   (helmet restricted)
rElec   .          Harm     .   (no cloak)
rCorr   .          Rampage  .   (gloves unavailable)
Will    .....                   (boots unavailable)
Stlth   +.........              (no amulet)
HPRegen 0.94/turn               j - ring of poison resistance
MPRegen 0.09/turn               (no ring)

@: fiery-armoured
A: large, unfitting armour, claws 3, regeneration 1, shaggy fur 1, tough skin 1
a: Renounce Religion, Fiery Armour, Foxfire Swarm, Rising Flame


You were on level 4 of the Dungeon.
You worshipped Ignis.
Ignis was extremely pleased with you.
You visited 1 branch of the dungeon, and saw 4 of its levels.

You collected 1239 gold pieces.


Innate Abilities, Weirdness & Mutations

You are too large for most types of armour.
You have claws for hands.
Your natural rate of healing is unusually fast.
You are covered in fur. (AC +1)
You have tough skin. (AC +1)


   Skills:
 - Level 2.4 Fighting
 + Level 0.3 Shields
 - Level 5.1 Unarmed Combat
 - Level 1.0 Spellcasting
 - Level 2.1 Fire Magic


You had 5 spell levels left.
You didn't know any spells.
Your spell library contained the following spells:

 Spells                   Type           Power      Damage    Failure   Level
 Scorch                   Fire           8%         2d5       88%         2

Inventory:

Armour
 a - a +0 robe (worn)
 e - a +0 tower shield (worn)
Jewellery
 j - a ring of poison resistance (left claw)
Scrolls
 f - a scroll of identify
Potions
 b - a potion of resistance
 c - a potion of mutation {unknown}
 h - a potion of curing
 i - a potion of might
 k - a potion of haste {unknown}
 m - a potion of lignification {unknown}

Dungeon Overview and Level Annotations

Branches:
Dungeon (4/15)
 Temple: D:4-7

Altars:


Message History

The orc hits you with a +0 dagger. The orc hits you with a +0 short sword.
The orc hits you but does no damage.
You claw the orc!
You kill the orc!
You block the orc's attack. x2
You claw the orc priest!
The orc priest is heavily wounded.
You block the orc's attack.
The orc priest hits you but does no damage.
The orc barely misses you. x2
The orc priest invokes the aid of Beogh against you.
Beogh smites you! The orc barely misses you.
2524 ||| INVOKING Fiery Armour.
A protective cloak of flame settles atop you.
The orc hits you with a +0 short sword.
The orc is burned by your cloak of flames.
You kill the orc!
You block the orc's attack.
The orc priest looks encouraged for a moment.
You feel your intelligence returning.
You closely miss the orc priest.
The orc priest is heavily wounded.
The orc priest barely misses you. The orc hits you with a +0 dagger.
The orc is burned by your cloak of flames.
The orc is severely wounded.
You barely miss the orc.
The orc is severely wounded.
You block the orc priest's attack. You block the orc's attack.
You claw the orc!
You kill the orc!
The orc priest hits you with a +0 dagger.
The orc priest is burned by your cloak of flames.
The orc priest is severely wounded.
You scratch the orc priest.
The orc priest is almost dead.
The orc priest mumbles some strange prayers to Beogh against you.
Pain shoots through your body!
The orc priest mumbles some strange prayers to Beogh against you.
Beogh smites you!
You die...

...> #.#. #
.... .## ...
######...
#.>#.....#
...#..#.....#
>...o..<....#
..##..#o)...#
.... #@)...#
...o #######
... o. .


You could see an orc priest.

Vanquished Creatures
  3 adders
  A worm (D:2)
  6 orcs
  4 ball pythons
  2 endoplasms
  4 giant cockroaches
  4 goblins
  3 hobgoblins
  6 jackals
  3 quokkas
  A bat (D:2)
  3 frilled lizards
  4 kobolds
  2 rats
46 creatures vanquished.

Notes
Turn   | Place    | Note
-------+----------+-------------------------------------------
     0 | D:1      | qw the Troll Cinder Acolyte began the quest for the Orb.
     0 | D:1      | Reached XP level 1. HP: 22/22 MP: 1/1
     0 | D:1      | 0 ||| qw: Version: 0.1-a-97-g2dd2ca4
     0 | D:1      | 0 ||| qw: Game counter: 4826
     0 | D:1      | 0 ||| qw: Always use a shield: true
     0 | D:1      | 0 ||| qw: God list: Okawaru
     0 | D:1      | 0 ||| qw: Allow faded altars: false
     0 | D:1      | 0 ||| qw: Do Orc after D:15 true
     0 | D:1      | 0 ||| qw: Do second Lair branch before Depths: true
     0 | D:1      | 0 ||| qw: Lair rune preference: random
     0 | D:1      | 0 ||| qw: Plans: Normal
     0 | D:1      | 0 ||| PLANNING D:1-11
   283 | D:1      | Reached XP level 2. HP: 29/29 MP: 2/2
   860 | D:1      | 860 ||| READING scroll labelled ZIQAOTHR HORUDY.
   861 | D:1      | 861 ||| READING scroll labelled RIRIKI SURGHIGH.
   862 | D:1      | 862 ||| READING scroll labelled YBLUPA BOEGGESCH.
   862 | D:1      | Identified a scroll of acquirement
   862 | D:1      | 862 ||| ACQUIRING 1136 gold pieces
   862 | D:1      | Acquired 1136 gold pieces
   864 | D:1      | 864 ||| READING scroll labelled SEGIANL OQOB.
   865 | D:1      | 865 ||| READING scroll labelled TOETTE PIGIFF.
   870 | D:1      | 870 ||| DRINKING 2 emerald potions.
   871 | D:1      | 871 ||| DRINKING 2 purple potions.
   872 | D:1      | 872 ||| DROPPING potion of degeneration.
   943 | D:2      | Reached skill level 4 in Unarmed Combat
  1101 | D:2      | Reached XP level 3. HP: 33/36 MP: 3/3
  1699 | D:2      | 1699 ||| Stepping ~*~*~tactically~*~*~ (stealth).
  1700 | D:2      | 1700 ||| Stepping ~*~*~tactically~*~*~ (stealth).
  1781 | D:2      | 1781 ||| DRINKING 2 coppery potions.
  1782 | D:2      | 1782 ||| DRINKING 2 smoky grey potions.
  1783 | D:2      | 1783 ||| DRINKING 2 orange potions.
  1784 | D:2      | 1784 ||| DROPPING potion of invisibility.
  1785 | D:2      | 1785 ||| DROPPING potion of brilliance.
  1832 | D:3      | 1832 ||| Stepping ~*~*~tactically~*~*~ (stealth).
  1930 | D:3      | Found a faded altar of an unknown god.
  2023 | D:3      | 2023 ||| Stepping ~*~*~tactically~*~*~ (stealth).
  2025 | D:3      | 2025 ||| Stepping ~*~*~tactically~*~*~ (stealth).
  2029 | D:3      | Reached XP level 4. HP: 44/44 MP: 4/4
  2034 | D:3      | Reached skill level 5 in Unarmed Combat
  2482 | D:3      | 2482 ||| UPGRADING to +0 tower shield.
  2487 | D:3      | 2487 ||| DROPPING scarf of invisibility.
  2488 | D:3      | 2488 ||| UPGRADING to ring of poison resistance.
  2489 | D:3      | 2489 ||| READING 3 scrolls labelled YGYOVV APSE.
  2490 | D:3      | 2490 ||| READING scroll labelled ITARUO LIPIR.
  2491 | D:3      | 2491 ||| READING scroll labelled RAGI SAFESEPP.
  2492 | D:3      | 2492 ||| READING 2 scrolls of identify.
  2492 | D:3      | 2492 ||| IDENTIFYING metallic black potion
  2493 | D:3      | 2493 ||| DROPPING 2 scrolls of amnesia.
  2510 | D:4      | 2510 ||| Stepping ~*~*~tactically~*~*~ (hiding).
  2517 | D:4      | 2517 ||| Stepping ~*~*~tactically~*~*~ (outnumbered).
  2524 | D:4      | 2524 ||| INVOKING Fiery Armour.
  2528 | D:4      | HP: 11/44 [orc priest/nerve-wracking pain (11)]
  2528 | D:4      | Killed from afar by an orc priest

Levels and vault maps discovered:
D:1:      erik_arrival_cave_to_civilisation [erik_arrival_cave_to_hall],
          layout_loops_ring
D:2:      layout_loops_corners, minivault_24
D:3:      layout_loops_ring, hellmonk_ecumenical_altar_arch_garden, minivault_19
D:4:      layout_loops_cross, temple_statues, serial_shops,
          nicolae_shop_bloodbath_and_beyond

Skill      XL: |  1  2  3  4 |
---------------+-------------+-----
Unarmed Combat | 4 5 |  5.1
Fighting       | |  2.4
Shields        | |  0.3
Spellcasting   | |  1.0
Fire Magic     | |  2.1

Action                   |  1- 3 |  4- 6 || total
-------------------------+-------+-------++-------
Melee: Unarmed           |   114 |    23 ||   137
       Punch             |     1 |     1 ||     2
Invok: Fiery Armour      |       |     1 ||     1
  Use: Scroll            |     5 |     4 ||     9
       Potion            |     5 |       ||     5
Armor: Robe              |    36 |     8 ||    44
Dodge: Dodged            |    32 |    10 ||    42
Block: Tower shield      |       |     9 ||     9

Table legend:
 A = Non-vault XP
 B = Vault XP
 C = Vault XP percentage of total XP
 D = Non-vault monster count
 E = Vault monster count
 F = Vault count percentage of total count
                 A         B        C        D         E       F
            +---------+---------+-------+---------+---------+-------
      Total |     120 |       3 |   2.4 |      44 |       2 |   4.3
            +---------+---------+-------+---------+---------+-------
        D:1 |      25 |       3 |  10.7 |      13 |       2 |  13.3
        D:2 |      48 |       0 |   0.0 |      14 |       0 |   0.0
        D:3 |      38 |       0 |   0.0 |      14 |       0 |   0.0
        D:4 |       9 |       0 |   0.0 |       3 |       0 |   0.0
            +---------+---------+-------+---------+---------+-------
